AoeStats
← 涂山红红

Arena

510268347Analyzed
2v2 RM · 4h ago on Sep 30, 2026· 29m 10s· 4 players
Game mode
Random Map
Map size
Medium (4 player)
Population
200
Speed
Normal
Resources
Standard
Victory
Conquest
Starting age
Dark Age
Ending age
Imperial Age
RankedLock teamsTeams togetherTeam positionsShared explorationLock speedFull tech treeHidden civsTurbo modeCheats
Victory
Defeat
🇨🇳 Franks · China
933
+16
🇨🇳 Tatars · China
918
+17
🇫🇷 Britons · France
961
-18
🇪🇸 Goths · Spain
907
-15
有缘再见
4:12 Loom
11:17 Feudal Age
16:12 Castle Age
15:03 Double-Bit Axe
15:17 Horse Collar
16:26 Gold Mining
16:19 Horse Collar
23:52 Bloodlines
24:47 Bow Saw
27:16 Forging
28:08 Silk Armor
28:52 Gold Shaft Mining
28:58 Wheelbarrow
涂山红红
0:34 Loom
11:07 Feudal Age
15:21 Castle Age
13:33 Double-Bit Axe
21:30 Wheelbarrow
22:34 Bow Saw
27:39 Husbandry
29:47 Scale Barding Armor
BillyBat
9:48 Feudal Age
11:21 Wheelbarrow
16:34 Castle Age
15:15 Double-Bit Axe
15:42 Horse Collar
16:27 Gold Mining
19:04 Stone Mining
19:58 Hand Cart
gabrissss
8:46 Loom
11:23 Feudal Age
16:53 Castle Age
14:54 Double-Bit Axe
15:24 Horse Collar
15:49 Gold Mining
15:46 Man-at-Arms
17:10 Long Swordsman
19:35 Scale Mail Armor
21:29 Forging
27:55 Stone Mining
28:22 Padded Archer Armor
28:12 Fletching
29:21 Bow Saw
28:43 Elite Skirmisher
29:50 Leather Archer Armor
29:26 Fletching
Connection lost

Rejoining the realm…

Still unreachable

The connection could not be restored.

Session expired

The server has moved on; the page needs a fresh start.